 Dungeon Crawl Stone Soup version 0.28-a0-750-g7c675f85b1 (webtiles) character file.

Game seed: 11091525943799286958

777 ytrimaz the Cutter (level 7, 0/56 HPs)
             Began as a Demonspawn Fighter on Oct 30, 2021.
             Was a Follower of Ru.
             Slain by a gargoyle (11 damage)
             ... on level 6 of the Dungeon.
             The game lasted 00:07:05 (5722 turns).

ytrimaz the Cutter (Demonspawn Fighter)             Turns: 5722, Time: 00:07:07

Health: 0/56       AC:  8    Str: 19    XL:     7   Next: 54%
Magic:  7/7        EV:  9    Int:  9    God:    Ru [*.....]
Gold:   358        SH:  4    Dex: 12    Spells: 6/6 levels left

rFire   + . .      SeeInvis .   a - +0 rapier
rCold   + . .      Faith    .   c - +0 buckler
rNeg    . . .      Spirit   .   b - +0 scale mail
rPois   .          Reflect  .   (no helmet)
rElec   .          Harm     .   j - scarf {rC+ rF+}
rCorr   .          Rampage  .   (no gloves)
Will    +....                   (no boots)
Stlth   ..........              (no amulet)
HPRegen 0.18/turn               m - ring of willpower
MPRegen 0.10/turn               (no ring)

@: brilliant
A: hooves 1, rugged brown scales 1, ignite blood 1, no conjurations magic, no
earth magic, no transmutations magic
a: Renounce Religion


You were on level 6 of the Dungeon.
You worshipped Ru.
Ru was aware of your devotion.
You visited 2 branches of the dungeon, and saw 7 of its levels.

You collected 358 gold pieces.

Inventory:

Hand Weapons
 a - a +0 rapier (weapon)
Armour
 b - a +0 scale mail (worn)
 c - a +0 buckler (worn)
 i - a +0 chain mail
 j - a scarf of resistance (worn)
Jewellery
 d - a ring of ice
 m - a ring of willpower (left hand)
Scrolls
 n - a scroll of holy word {unknown}
Potions
 f - a potion of degeneration {unknown}
 g - a potion of flight
 h - a potion of berserk rage {unknown}
 k - 2 potions of cancellation {unknown}
 l - 2 potions of curing {unknown}
 o - a potion of mutation {unknown}


   Skills:
 + Level 4.4 Fighting
 + Level 5.5 Short Blades
 + Level 4.9 Armour
 + Level 3.4 Shields


You had 6 spell levels left.
You didn't know any spells.
Your spell library contained the following spells:

 Spells                   Type           Power      Damage    Failure   Level
 Beastly Appendage        Tmut           Unusable   N/A       N/A         1
 Wereblood                Tmut           Unusable   N/A       N/A         2
 Dazzling Flash           Conj/Hex       Unusable   N/A       N/A         3
 Spider Form              Tmut/Pois      Unusable   N/A       N/A         3
 Iskenderun's Mystic Bla  Conj/Tloc      Unusable   2d3       N/A         4
 Starburst                Conj/Fire      Unusable   6d3       N/A         6

Dungeon Overview and Level Annotations

Branches:
Dungeon (6/15)             Temple (1/1) D:5

Altars:
Ashenzari
Dithmenos
Fedhas
Gozag
Hepliaklqana
Kikubaaqudgha
Nemelex Xobeh
Okawaru
Qazlal
Ru
Sif Muna
Trog
Uskayaw
Vehumet
Wu Jian
Xom
Yredelemnul
Zin
The Shining One


Innate Abilities, Weirdness & Mutations

You have large cloven feet.
You are partially covered in rugged brown scales. (AC +1, +3% HP)
Your demonic aura sometimes causes spilled blood to erupt in flames.
You cannot study or cast Conjurations magic.
You cannot study or cast Earth magic.
You cannot study or cast Transmutations magic.


Message History

Found 23 bolts.
Done exploring.
Done exploring.
Done exploring.
There is an escape hatch in the ceiling here.
There is a stone staircase leading down here.
You climb downwards.
There is a stone staircase leading up here.
There is a stone staircase leading up here.
A gargoyle comes into view. It is wielding a +0 mace.
Found a curved smoking staff.
A gargoyle is nearby!
A gargoyle is nearby!
The gargoyle hits you with a +0 mace.
You barely miss the gargoyle. Your kick misses the gargoyle.
The gargoyle barely misses you.
You barely miss the gargoyle. You hit the gargoyle but do no damage.
You kick the gargoyle, but do no damage.
The gargoyle is stunned by your conviction and fails to attack.
You hit the gargoyle but do no damage.
You kick the gargoyle, but do no damage.
The gargoyle hits you but does no damage.
You hit the gargoyle but do no damage.
You kick the gargoyle, but do no damage.
The gargoyle hits you with a +0 mace!
You hit the gargoyle but do no damage. Your kick misses the gargoyle.
The gargoyle hits you with a +0 mace!
You hit the gargoyle but do no damage. The gargoyle barely misses you.
You hit the gargoyle but do no damage. The gargoyle completely misses you.
Your scale mail prevents you from hitting the gargoyle.
You kick the gargoyle, but do no damage.
The gargoyle hurls a stone arrow at you.
The stone arrow hits you!
You barely miss the gargoyle. The gargoyle hits you with a +0 mace!
* * * LOW HITPOINT WARNING * * *
It was a potion of brilliance.
You feel clever all of a sudden. The gargoyle hits you with a +0 mace!
You die...

#.# #. #.# #. #.# #.
#.# ######.##### #.#
...........#######.###
.................<...#
...........#######.#.#
.......@...# #.#.#
......9....# #.#.#
...|.......# #.#.#
...........# #.#.#
...........# #.#.#
#######.#### #.#.# #.#
#.#.# #.# #.#.# #.#.#


You could see a gargoyle.

Vanquished Creatures
  A necrophage (D:4)
  A sky beast (D:5)
  A water moccasin skeleton (D:5)
  A howler monkey (D:4)
  2 centaur zombies
  3 hounds (D:4)
  An orc priest (D:3)
  An iguana (D:5)
  Jessica (D:2)
  Terence (D:2)
  A killer bee zombie (D:5)
  A hound skeleton (D:4)
  4 gnolls (D:4)
  4 adders (D:2)
  A white imp (D:5)
  An ufetubus (D:5)
  An adder zombie (D:4)
  An adder skeleton (D:4)
  3 worms
  A dart slug (D:3)
  12 orcs
  4 bats
  9 endoplasms
  7 giant cockroaches
  5 goblins
  11 hobgoblins
  5 quokkas
  6 ball pythons
  3 frilled lizards
  7 kobolds
  5 rats
105 creatures vanquished.

Notes
Turn   | Place    | Note
-------+----------+-------------------------------------------
     0 | D:1      | ytrimaz the Demonspawn Fighter began the quest for the Orb.
     0 | D:1      | Reached XP level 1. HP: 18/18 MP: 1/1
   543 | D:1      | Gained mutation: You are partially covered in rugged brown
                  | scales. (AC +1, +3% HP) [demonic ancestry]
   543 | D:1      | Reached XP level 2. HP: 18/24 MP: 2/2
   779 | D:1      | Reached skill level 2 in Short Blades
  1410 | D:1      | Found a faded altar of an unknown god.
  1427 | D:2      | Noticed Terence
  1427 | D:2      | Noticed Jessica
  1443 | D:2      | Killed Terence
  1444 | D:2      | Reached XP level 3. HP: 13/29 MP: 3/3
  1458 | D:2      | Killed Jessica
  1459 | D:2      | Reached skill level 3 in Short Blades
  1459 | D:2      | Reached XP level 4. HP: 13/36 MP: 4/4
  2082 | D:2      | Gained mutation: Your demonic aura sometimes causes spilled
                  | blood to erupt in flames. [demonic ancestry]
  2082 | D:2      | Reached XP level 5. HP: 36/42 MP: 5/5
  3213 | D:3      | Found a sacrificial altar of Ru.
  3411 | D:3      | Became a worshipper of Ru the Awakened
  3731 | D:4      | Reached skill level 4 in Short Blades
  3731 | D:4      | Gained mutation: You have large cloven feet. [demonic
                  | ancestry]
  3731 | D:4      | Reached XP level 6. HP: 21/49 MP: 6/6
  4593 | D:4      | Reached skill level 5 in Short Blades
  4593 | D:4      | Reached XP level 7. HP: 48/55 MP: 7/7
  4741 | D:5      | Entered Level 5 of the Dungeon
  5234 | D:5      | Gained mutation: You cannot study or cast Earth magic. [Ru
                  | sacrifice]
  5234 | D:5      | Gained mutation: You cannot study or cast Transmutations
                  | magic. [Ru sacrifice]
  5234 | D:5      | Gained mutation: You cannot study or cast Conjurations
                  | magic. [Ru sacrifice]
  5234 | D:5      | Reached * piety under Ru
  5270 | D:5      | Found a staircase to the Ecumenical Temple.
  5297 | Temple   | Entered the Ecumenical Temple
  5708 | D:6      | Noticed a gargoyle
  5722 | D:6      | Slain by a gargoyle

Illustrated notes

Levels and vault maps discovered:
D:1:      ncdulo_halloftheorcs, layout_basic,
          shapermc_ecumenical_altar_mp_vishouse, minmay_heptomino_w4
D:2:      wad_crossroads, layout_rooms, uniq_terence, uniq_jessica
D:3:      minmay_spotlight, layout_rooms, lemuel_coloured_pillars_altar,
          minmay_vboxes
D:4:      layout_basic, kennysheep_generic_room_3
D:5:      layout_basic, temple_pool_b
D:6:      layout_basic, serial_shops,
          nicolae_shop_temple_entry_statues_fountains
Temple:   nicolae_temple_no_exploring_needed

Skill      XL: |  1  2  3  4  5  6 |
---------------+-------------------+-----
Armour         | 3 4 |  4.9
Short Blades   | 2 3 4 5 |  5.5
Shields        | 3 |  3.4
Fighting       | 4 |  4.4

Action                   |  1- 3 |  4- 6 |  7- 9 || total
-------------------------+-------+-------+-------++-------
Melee: Rapier            |    87 |   278 |    71 ||   436
       Kick              |       |    22 |    28 ||    50
Invok: Sacrifice Arcana  |       |       |     1 ||     1
  Use: Scroll            |     3 |     3 |       ||     6
       Potion            |     2 |     1 |     1 ||     4
Armor: Scale mail        |    42 |   145 |    30 ||   217
Dodge: Dodged            |    34 |   152 |    17 ||   203
Block: Buckler           |    17 |    58 |    11 ||    86

Table legend: (Time is in decaauts)
 A = Elapsed time spent in this place.
 B = Non-inter-level travel time spent in this place.
 C = Inter-level travel time spent in this place.
 D = Time resting spent in this place.
 E = Time spent auto-exploring this place.
 F = Levels seen in this place.
 G = Mean time per level.
                   A        B        C        D        E       F      G
               +--------+--------+--------+--------+--------+-----+--------+
         Total |   5725 |   5544 |    181 |    991 |   3533 |   7 |  817.9 |
       Dungeon |   5724 |   5543 |    181 |    991 |   3533 |   6 |  954.0 |
        Temple |      1 |      1 |      0 |      0 |      0 |   1 |    1.0 |
               +--------+--------+--------+--------+--------+-----+--------+

Top non-repeatable levels by time:
     D:1: 1436 daAuts
     D:4: 1157 daAuts
     D:2: 1122 daAuts
     D:3: 1028 daAuts
     D:5: 902 daAuts
     D:6: 77 daAuts
  Temple: 1 daAuts
